 Dungeon Crawl Stone Soup version 0.28-a0-556-gab23d0e057 (webtiles) character file.

Game seed: 12861237063561321285

393036 freelancePsychic the Devastator (level 22, -8/175 HPs)
             Began as a Demonspawn Conjurer on Sept 27, 2021.
             Was the Champion of Vehumet.
             Mangled by a titanic slime creature (78 damage)
             ... on level 2 of the Depths on Sept 28, 2021.
             The game lasted 02:32:01 (56837 turns).

freelancePsychic the Devastator (DsCj)             Turns: 56837, Time: 02:32:01

Health: -8/175     AC: 30    Str: 22    XL:     22   Next: 13%
Magic:  0/47       EV: 16    Int: 35    God:    Vehumet [******]
Gold:   2474       SH: 12    Dex: 18    Spells: 10/45 levels left

rFire   + . .      SeeInvis .   b - staff of cold
rCold   + + .      Faith    .   I - +2 buckler
rNeg    + . .      Spirit   .   K - +5 pearl dragon scales
rPois   +          Reflect  +   (helmet unavailable)
rElec   .          Harm     .   o - +0 cloak of Toel {Rampage MP+9 Str+6 Dex-2}
rCorr   .          Rampage  +   Y - +0 pair of gloves "Nuoj" {Rampage Str+4}
Will    +....                   p - +1 pair of boots {Stlth+}
Stlth   +.........              M - amulet of reflection
HPRegen 0.39/turn               J - ring of Refreene {rF+ rC+ Int+4 Slay+2}
MPRegen 0.30/turn               S - ring "Gocwororu" {rPois Str+2 Int+6 Dex+6}

@: agile, unable to drink, very slightly contaminated
A: no potions, horns 3, thin metallic scales 2, foul stench 2, powered by pain
3, augmentation 3
}: 2/15 runes: decaying, gossamer
a: Renounce Religion


You were on level 2 of the Depths.
You worshipped Vehumet.
Vehumet was exalted by your worship.
You visited 8 branches of the dungeon, and saw 40 of its levels.
You also visited: Trove, Ossuary, Bailey, Gauntlet and Ice Cave.

You collected 6421 gold pieces.
You spent 3947 gold pieces at shops.

Inventory:

Hand Weapons
 a - the +0 staff of Battle
   (You acquired it on level 6 of the Dungeon)

   It enhances your conjuration magic.
   It summons a battlesphere in combat, with strength depending on Conjurations
   skill.
   Its strikes trigger the battlesphere's blasts.
Armour
 o - the +0 cloak of Toel (worn) {Rampage MP+9 Str+6 Dex-2}
   (You found it on level 1 of the Lair of Beasts)

   Str:       It affects your strength (+6).
   Dex:       It affects your dexterity (-2).
   MP:        It affects your magic capacity (+9).
   Rampage:   It bestows one free step when moving towards enemies.
 p - a +1 pair of boots of stealth (worn)
 I - a +2 buckler (worn)
 K - +5 pearl dragon scales (worn)
 U - a +2 pair of gloves of dexterity
 V - the +1 troll leather armour "Docujupo" {Drain rF+ Regen+ Int+4}
   (You found it in a Gauntlet)

   Int:       It affects your intelligence (+4).
   rF:        It protects you from fire.
   Regen:     It increases your rate of health regeneration.
   Drain:     It drains your maximum health when unequipped.
 Y - the +0 pair of gloves "Nuoj" (worn) {Rampage Str+4}
   (You bought it in a shop on level 9 of the Dungeon)

   Str:       It affects your strength (+4).
   Rampage:   It bestows one free step when moving towards enemies.
Magical Staves
 b - a staff of cold (weapon)
Jewellery
 i - a ring of wizardry
 n - the ring "Foruytte" {Fire SInv}
   (You found it on level 1 of the Depths)

   [ring of fire]

   It enhances your fire magic.
   rF:        It protects you from fire.
   rC:        It makes you vulnerable to cold.
   SInv:      It lets you see invisible.
 y - the ring of the Ancients {rN+ Will+++ rCorr Str-5 Stlth+}
   (You found it in a Gauntlet)

   [ring of positive energy]

   Str:       It affects your strength (-5).
   rN:        It protects you from negative energy.
   rCorr:     It protects you from acid and corrosion.
   Will:      It greatly increases your willpower.
   Stlth:     It makes you more stealthy.
 F - a ring of see invisible
 J - the ring of Refreene (left hand) {rF+ rC+ Int+4 Slay+2}
   (You found it in a treasure trove)

   [ring of protection from fire]

   Int:       It affects your intelligence (+4).
   Slay:      It affects your accuracy & damage with ranged weapons and melee
   (+2).
   rF:        It protects you from fire.
   rC:        It protects you from cold.
 M - an amulet of reflection (around neck)
 P - a ring of flight
 R - a ring of protection from cold
 S - the ring "Gocwororu" (right hand) {rPois Str+2 Int+6 Dex+6}
   (You found it in a treasure trove)

   [ring of dexterity]

   Str:       It affects your strength (+2).
   Int:       It affects your intelligence (+6).
   Dex:       It affects your dexterity (+6).
   rPois:     It protects you from poison.
 T - the ring of the Komtur {rPois rF+ rN+ Will- Int+4}
   (You took it off a minotaur in a Gauntlet)

   [ring of poison resistance]

   Int:       It affects your intelligence (+4).
   rF:        It protects you from fire.
   rPois:     It protects you from poison.
   rN:        It protects you from negative energy.
   Will:      It decreases your willpower.
 Z - the ring of Suicidal Tendencies {rPois rC+ Int+4}
   (You found it on level 3 of the Elven Halls)

   [ring of protection from cold]

   Int:       It affects your intelligence (+4).
   rC:        It protects you from cold.
   rPois:     It protects you from poison.
Wands
 q - a wand of polymorph (38)
 u - a wand of flame (157)
 x - a wand of acid (54)
 L - a wand of paralysis (30)
 N - a wand of mindburst (19)
 X - a wand of charming (9)
Scrolls
 e - 3 scrolls of silence
 g - 14 scrolls of identify {@r1}
 j - 3 scrolls of brand weapon
 k - 4 scrolls of vulnerability
 r - 6 scrolls of amnesia
 v - 3 scrolls of fear
 z - 8 scrolls of magic mapping
 A - 6 scrolls of teleportation {@r4}
 B - 6 scrolls of fog
 H - 2 scrolls of summoning
 O - 3 scrolls of immolation
 Q - 4 scrolls of enchant weapon
Potions
 c - 12 potions of curing {@q1}
 d - 3 potions of resistance
 f - 6 potions of flight
 h - 3 potions of berserk rage
 l - 6 potions of attraction
 m - 7 potions of lignification
 s - 7 potions of might
 t - 4 potions of brilliance
 w - 4 potions of cancellation
 C - 3 potions of ambrosia
 D - 7 potions of mutation
 E - a potion of magic
 G - a potion of haste {unknown}
Miscellaneous
 W - a condenser vane


   Skills:
 - Level 15.0 Fighting
 - Level 13.6 Armour
 - Level 2.7 Dodging
 - Level 1.7 Stealth
 - Level 4.0 Shields
 - Level 12.0 Spellcasting
 + Level 20.2 Conjurations
 - Level 6.4 Hexes
 - Level 4.7 Summonings
 - Level 14.0 Ice Magic
 + Level 17.8 Air Magic
 - Level 7.4 Earth Magic
 - Level 5.0 Poison Magic


You had 10 spell levels left.
You knew the following spells:

 Your Spells              Type           Power      Damage    Failure   Level
a - Magic Dart            Conj           100%       1d8       0%          1
b - Iron Shot             Conj/Erth      43%        9d8       1%          6
c - Maxwell's Capacitive  Air            49%        ∞         6%          8
d - Olgreb's Toxic Radia  Pois           54%        N/A       1%          4
e - Ozocubu's Refrigerat  Ice            54%        4d15      3%          7
f - Chain Lightning       Conj/Air       50%        3d67      43%         9

Your spell library contained the following spells:

 Spells                   Type           Power      Damage    Failure   Level
 Shatter                  Erth           32%        3d26*     100%        9
 Shock                    Conj/Air       100%       1d9       0%          1
 Searing Ray              Conj           100%       2d8       0%          2
 Static Discharge         Conj/Air       100%       N/A       0%          2
 Swiftness                Air            98%        N/A       0%          3
 Sandblast                Erth           100%       2d20      1%          1
 Sting                    Tmut/Pois      100%       1d8       1%          1
 Summon Small Mammal      Summ           100%       N/A       1%          1
 Passwall                 Tmut/Erth      39%        N/A       1%          2
 Poisonous Vapours        Pois/Air       100%       N/A       1%          2
 Slow                     Hex            60%        N/A       1%          2
 Call Canine Familiar     Summ           52%        N/A       1%          3
 Confusing Touch          Hex            60%        N/A       1%          3
 Dazzling Flash           Conj/Hex       100%       N/A       1%          3
 Frozen Ramparts          Ice            100%       1d12      1%          3
 Inner Flame              Hex/Fire       43%        N/A       1%          3
 Ozocubu's Armour         Ice            100%       N/A       1%          3
 Summon Guardian Golem    Hex/Summ       57%        N/A       1%          3
 Airstrike                Air            49%        N/A       1%          4
 Flame Wave               Conj/Fire      75%        3d13      1%          4
 Fulminant Prism          Conj/Hex       42%        3d20      1%          4
 Iskenderun's Mystic Bla  Conj/Tloc      75%        2d15      1%          4
 Sticky Flame             Conj/Fire      75%        2d9       1%          4
 Summon Ice Beast         Ice/Summ       92%        N/A       1%          4
 Fireball                 Conj/Fire      37%        3d15      1%          5
 Freezing Cloud           Conj/Ice/Air   59%        6-21      1%          5
 Iskenderun's Battlesphe  Conj           100%       2d15      1%          5
 Lee's Rapid Deconstruct  Erth           32%        3d17*     1%          5
 Lightning Bolt           Conj/Air       50%        1d71      1%          5
 Silence                  Hex/Air        41%        N/A       1%          5
 Conjure Ball Lightning   Conj/Air       50%        3x3d17    1%          6
 Orb of Destruction       Conj           52%        9d16      1%          7
 Ice Form                 Ice/Tmut       81%        N/A       2%          4
 Leda's Liquefaction      Hex/Erth       31%        N/A       2%          4
 Portal Projectile        Hex/Tloc       86%        N/A       3%          3
 Cause Fear               Hex            30%        N/A       3%          4
 Animate Skeleton         Necr           42%        N/A       4%          1
 Apportation              Tloc           42%        N/A       4%          1
 Pain                     Necr           84%        1d8       4%          1
 Blink                    Tloc           N/A        N/A       7%          2
 Yara's Violent Unravell  Hex/Tmut       21%        3d10      10%         5
 Petrify                  Tmut/Erth      47%        N/A       11%         4
 Summon Mana Viper        Hex/Summ       57%        N/A       13%         5
 Gell's Gravitas          Tloc           10%        N/A       14%         3
 Lesser Beckoning         Tloc           21%        N/A       14%         3
 Teleport Other           Tloc           21%        N/A       14%         3
 Vampiric Draining        Necr           10%        2d7       14%         3
 Lehudib's Crystal Spear  Conj/Erth      43%        10d11     26%         8
 Dispel Undead            Necr           21%        3d11      43%         4
 Passage of Golubria      Tloc           N/A        N/A       43%         4
 Summon Forest            Summ/Tloc      18%        N/A       45%         5
 Invisibility             Hex            30%        N/A       45%         6
 Summon Cactus Giant      Summ           26%        N/A       71%         6
 Agony                    Necr           21%        N/A       78%         5
 Excruciating Wounds      Necr           10%        N/A       78%         5
 Manifold Assault         Tloc           21%        N/A       78%         5
 Statue Form              Tmut/Erth      31%        N/A       85%         6
 Polar Vortex             Ice            54%        N/A       97%         9
 Dispersal                Tloc           10%        N/A       100%        6
 Discord                  Hex            30%        N/A       100%        8
 Disjunction              Tloc           10%        N/A       100%        8
 Ignition                 Fire           10%        3d5       100%        8


Dungeon Overview and Level Annotations

Branches:
Dungeon (15/15)            Temple (0/1) D:6            Lair (6/6) D:11
  Swamp (4/4) Lair:4       Spider (4/4) Lair:4        Slime (0/5) Lair:6
    Orc (2/2) D:9             Elf (3/3) Orc:2        Vaults (4/5) D:13
  Crypt (0/3) Vaults:2     Depths (2/4) D:15        Ossuary (visited)
 Bailey (visited)           IceCv (visited)         Gauntlet (visited)

Altars:
Cheibriados
Dithmenos
Elyvilon
Kikubaaqudgha
Sif Muna
Trog
Vehumet
Wu Jian
Xom
Zin
Jiyva

Shops:
D:7 *   D:8 ?   D:9 *(([?   Orc:2 [*?(   Vaults:2 *

Portals:
Hell: Depths:1 Depths:2
Abyss: Depths:1
Pandemonium: Depths:2

Annotations:
Lair:6 1 runed translucent door
Spider:1 Roxanne
Elf:2 2 runed translucent doors
Depths:2 Hasuug's ghost, adept HaHu


Innate Abilities, Weirdness & Mutations

You cannot drink.
You have a pair of large horns on your head.
You are mostly covered in thin metallic scales. (AC +3)
You sometimes emit foul miasma when damaged in melee.
You are powered by pain.
Your magical and physical power is greatly enhanced at high health.


Message History

Vehumet accepts your kill.
You feel your power returning.
You kill the quicksilver ooze!
Vehumet accepts your kill.
You feel your power returning.
Hasuug's ghost resists.
Hasuug's ghost is almost destroyed.
The quicksilver ooze is heavily wounded.
The titanic slime creature is heavily wounded.
Hasuug's ghost hits you.
You are electrocuted!
You emit a cloud of foul miasma!
Casting: Ozocubu's Refrigeration (dangerous; 3% risk of failure)
Confirm with . or Enter, or press ? or * to list all spells.
You feel a surge of power!
The heat is drained from your surroundings.
You feel very cold. The monsters around you are frozen!
Hasuug's ghost resists.
Hasuug's ghost is almost destroyed.
You kill the quicksilver ooze!
Vehumet accepts your kill.
You feel your power returning.
The titanic slime creature is severely wounded.
Hasuug's ghost hits you but does no damage.
You are electrocuted!
You focus on the pain.
You feel your power returning.
Casting: Ozocubu's Refrigeration (dangerous; 3% risk of failure)
Confirm with . or Enter, or press ? or * to list all spells.
You feel a surge of power!
You miscast Ozocubu's Refrigeration.
You are very lightly contaminated with residual magic.
A chill runs through your body. You resist.
The titanic slime creature barely misses you.
Hasuug's ghost hits you!
Casting: Ozocubu's Refrigeration (dangerous; 3% risk of failure)
Confirm with . or Enter, or press ? or * to list all spells.
You feel a surge of power!
The heat is drained from your surroundings.
You feel very cold.
The slime creature, Hasuug's ghost and the titanic slime creature are frozen.
The slime creature is heavily wounded.
Hasuug's ghost resists.
Hasuug's ghost is almost destroyed.
The titanic slime creature is almost dead.
The titanic slime creature hits you!!!!
You die...

#....≈.#...#.##....#
#....≈[.........#...##
.......[.....#### ...##
(...........## ##....##.
....≈..)....### ...≈...>
..≈.≈.....<...###..≈≈.#
...................≈..#
§≈≈.............≈.≈≈≈.#
§.≈.............@≈.≈..#
§.§.......[.....WJ....#.#
≈≈§.≈(...).......J......#
≈§§.............##'''##...
.........>.§.§.##.....##..
.....§§§..≈§§§.#.......#
.....§≈§..≈§.§.#.......#§.≈≈
.....§≈§§......#.......#≈≈≈.
......§..(.....##$"?[.##≈§≈######


You could see a titanic slime creature, a slime creature and Hasuug's ghost.

Vanquished Creatures
  A juggernaut (Depths:2)
  Mara (Swamp:4)
  the Lernaean hydra (Swamp:4)
  A golden dragon (Depths:2)
  Jory (Vaults:2)
  Arachne (Spider:4)
  3 tentacled monstrosities
  Rupert (D:13)
  2 liches
  A deep elf blademaster (Elf:3)
  7 sphinxes
  2 deep elf master archers (Elf:3)
  Donald (Swamp:1)
  2 tengu reavers (Depths:2)
  A storm dragon (Depths:1)
  A thorn hunter (Swamp:4)
  An azure jelly (D:14)
  A fenstrider witch (Swamp:1)
  6 fire giants
  4 deep elf sorcerers (Elf:3)
  4 frost giants (Depths:2)
  7 emperor scorpions
  3 orc warlords
  11 vault wardens
  4 ghost moths (Spider:4)
  4 deep elf elementalists (Elf:3)
  Aizul (Depths:1)
  2 reapers (Depths:1)
  4 spriggan defenders (Depths:2)
  A caustic shrike skeleton (Depths:1)
  6 stone giants
  9 quicksilver oozes
  2 war gargoyles (Vaults:2)
  11 ironbound preservers
  23 very ugly things
  8 deep elf demonologists (Elf:3)
  Azrael (D:13)
  6 deep elf annihilators
  5 bunyips
  8 entropy weavers
  9 dire elephants
  A minotaur (Gauntlet)
  4 spark wasps
  4 fire dragons
  3 eleionomae (Swamp:3)
  Snorg (D:10)
  2 deep elf death magi (Elf:3)
  4 ettins
  6 yaktaur captains
  Josephine (D:13)
  2 great orbs of eyes
  A shambling mangrove (Swamp:4)
  2 ice dragons (Depths:2)
  A rakshasa (Depths:2)
  2 boulder beetles
  8 deep elf high priests
  3 ironbound thunderhulks
  A peacekeeper (Vaults:4)
  7 ironbound frosthearts
  9 vault guards
  An ogre mage (D:15)
  2 spriggan air magi (Depths:2)
  24 hydras
  4 ghost crabs
  2 catoblepae
  2 death knights
  11 centaur warriors
  9 alligators
  5 death yaks (Lair:6)
  4 deep troll shamans (Depths:2)
  A vampire mage (Depths:2)
  2 deep troll earth magi
  6 two-headed ogres
  6 tengu warriors
  2 spriggan berserkers
  11 dancing weapons
  A hell hog (Gauntlet)
  8 orc high priests
  12 deep elf knights
  Nergalle (Orc:1)
  6 hell knights (Depths:1)
  Sonja (Orc:1)
  3 iron trolls
  A sea snake (shapeshifter) (Vaults:2)
  10 swamp dragons
  11 goliath frogs
  3 flayed ghosts
  2 spriggan druids
  2 glowing orange brains
  2 death drakes (Swamp:2)
  An orange crystal statue (IceCv)
  2 deep elf archers (Elf:1)
  45 deep trolls
  5 bog bodies
  9 harpies
  10 wizards
  10 ironbound convokers
  4 lindwurms
  A golden dragon skeleton (Depths:1)
  Pikel (D:8)
  A phantasmal warrior (Vaults:3)
  7 necromancers
  21 deep elf pyromancers
  28 orb spiders
  14 deep elf zephyrmancers
  12 cyclopes
  10 orc knights
  A tengu skeleton (Vaults:1)
  A sphinx skeleton (Depths:1)
  2 salamanders (Depths:1)
  5 will-o-the-wisps
  49 ugly things
  A faun (shapeshifter) (D:8)
  2 human zombies
  5 moths of wrath
  21 wolf spiders
  9 elephants
  11 vault sentinels
  6 torpor snails
  A black mamba (Lair:4)
  2 gargoyles (D:10)
  19 cane toads
  9 demonic crawlers
  Maggie (Lair:2)
  A kobold demonologist (D:8)
  An efreet (D:14)
  An unseen horror (D:11)
  28 yaktaurs
  3 freezing wraiths
  5 very ugly thing simulacra (IceCv)
  11 komodo dragons
  3 human skeletons
  5 tengu conjurers
  2 entropy weaver simulacra (IceCv)
  6 tyrant leeches
  5 trolls
  3 bloated husks
  A polar bear (Lair:4)
  43 jumping spiders
  26 hornets
  A dream sheep (shapeshifter) (Depths:2)
  A spriggan zombie (Depths:1)
  16 blink frogs
  2 dream sheep (Lair:5)
  53 slime creatures
  An ettin zombie (Vaults:1)
  27 tarantellas
  111 redbacks
  10 spriggans
  2 water elementals
  5 air elementals
  5 wraiths
  34 yaks
  4 shadows
  2 vampires
  4 wyverns
  4 fire elementals
  3 basilisks
  3 fire bats (Gauntlet)
  A steam dragon (D:6)
  21 vampire mosquitoes
  17 humans (D:13)
  3 wargs (Orc:2)
  An acid dragon (D:12)
  2 demonic crawler simulacra (IceCv)
  11 swamp worms
  A hell hound (D:13)
  14 water moccasins
  A floating eye (shapeshifter) (D:13)
  2 sky beasts
  47 orc warriors
  11 swamp drakes
  5 ice beasts
  A black bear (Lair:1)
  3 ugly thing simulacra (IceCv)
  6 wolves
  4 centaurs
  An ettin simulacrum (Vaults:3)
  11 boggarts
  4 ogres
  A phantom (D:4)
  4 lemures
  An earth elemental (Elf:2)
  13 bullfrogs
  2 scorpions (D:4)
  A wyvern skeleton (D:7)
  8 wights
  2 howler monkeys
  10 electric eels
  A centaur zombie (D:9)
  A bullfrog zombie (D:6)
  2 hounds
  32 orc priests
  3 bullfrog skeletons
  8 jellies
  2 centaur skeletons
  3 iguanas (D:6)
  26 orc wizards
  2 killer bee zombies
  A hound skeleton (D:4)
  12 mummies (Ossuary)
  A howler monkey zombie (D:9)
  6 adders
  2 shadow imps (D:8)
  A white imp (D:8)
  An ufetubus (D:5)
  2 worms
  113 orcs
  18 endoplasms
  4 giant cockroaches
  7 goblins
  3 hobgoblins (D:12)
  13 jackals
  6 kobolds
  4 quokkas
  8 ball pythons
  3 bats
  4 frilled lizards
  2 gnoll skeletons (Ossuary)
  4 goblin skeletons (Ossuary)
  2 orc skeletons (Ossuary)
  8 rats
  11 rat skeletons (Ossuary)
  2 butterflies (D:9)
  A fire vortex (Depths:1)
1671 creatures vanquished.

Vanquished Creatures (collateral kills)
  A deep elf sorcerer (Elf:3)
  A boulder beetle (D:9)
  Menkaure (D:4)
  An ogre (D:4)
  A black bear (D:5)
  A jelly (D:5)
  An ufetubus (D:5)
  An orc (D:5)
  A ball python (D:4)
9 creatures vanquished.

Vanquished Creatures (others)
  A fire giant (Depths:1)
  2 entropy weaver simulacra (IceCv)
  A wraith (D:13)
  A swamp worm (Swamp:1)
  18 foxfires
  24 fulminant prisms
  21 fungi
  110 plants
178 creatures vanquished.

Grand Total: 1858 creatures vanquished

Notes
Turn   | Place    | Note
-------+----------+-------------------------------------------
     0 | D:1      | freelancePsychic the Demonspawn Conjurer began the quest
                  | for the Orb.
     0 | D:1      | Reached XP level 1. HP: 13/13 MP: 3/3
   377 | D:1      | Gained mutation: You sometimes gain a little power by
                  | taking damage. [demonic ancestry]
   377 | D:1      | Reached XP level 2. HP: 19/19 MP: 0/5
   642 | D:1      | Learned a level 2 spell: Searing Ray
   929 | D:1      | Found a faded altar of an unknown god.
  1376 | D:2      | Gained mutation: You may rarely emit foul miasma when
                  | damaged in melee. [demonic ancestry]
  1376 | D:2      | Reached XP level 3. HP: 24/24 MP: 4/7
  3269 | D:3      | Reached XP level 4. HP: 30/30 MP: 5/8
  3529 | D:3      | Reached skill level 1 in Hexes
  3579 | D:3      | Reached skill level 5 in Conjurations
  3886 | D:4      | Reached skill level 1 in Summonings
  3923 | D:4      | Noticed a scorpion
  3930 | D:4      | Reached XP level 5. HP: 35/35 MP: 3/9
  4145 | D:4      | Found a bloodstained altar of Trog.
  4222 | D:4      | Gained mutation: You sometimes gain power by taking damage.
                  | [demonic ancestry]
  4222 | D:4      | Reached XP level 6. HP: 41/41 MP: 5/10
  4538 | D:4      | Noticed Menkaure
  4667 | D:4      | Found a shimmering blue altar of Sif Muna.
  4697 | D:4      | Found an ancient bone altar of Kikubaaqudgha.
  4723 | D:4      | Found a radiant altar of Vehumet.
  4730 | D:4      | Became a worshipper of Vehumet
  4769 | D:4      | Learned a level 3 spell: Call Canine Familiar
  4985 | D:4      | Found a shadowy altar of Dithmenos.
  4995 | D:4      | You fall into a shaft and drop 1 floor!
  4995 | D:5      | Entered Level 5 of the Dungeon
  5010 | D:5      | Noticed an ice beast
  5019 | D:5      | Killed an ice beast
  5020 | D:5      | Gained mutation: You are partially covered in thin metallic
                  | scales. (AC +2) [demonic ancestry]
  5020 | D:5      | Reached XP level 7. HP: 39/46 MP: 1/11
  5288 | D:5      | Reached skill level 5 in Hexes
  5365 | D:5      | Learned a level 4 spell: Fulminant Prism
  5996 | D:4      | Reached skill level 1 in Fighting
  6238 | D:4      | Killed Menkaure
  6239 | D:4      | Gained mutation: You sometimes emit foul miasma when
                  | damaged in melee. [demonic ancestry]
  6239 | D:4      | Reached XP level 8. HP: 30/56 MP: 8/12
  6606 | D:5      | Reached skill level 6 in Conjurations
  7029 | D:5      | Got the Volume of Enchanting Ice
  7528 | D:6      | Reached * piety under Vehumet
  7528 | D:6      | Offered knowledge of Sandblast by Vehumet.
  7754 | D:6      | Reached skill level 7 in Conjurations
  7793 | D:6      | Identified a scroll of acquirement
  7793 | D:6      | Acquired the +0 staff of Battle
  7793 | D:6      | Found the +0 staff of Battle
  7856 | D:6      | Found a staircase to the Ecumenical Temple.
  8254 | D:6      | Reached XP level 9. HP: 66/66 MP: 10/14
  8868 | D:7      | Found Zin's Purification Station.
  8937 | D:7      | Reached skill level 5 in Fighting
  8945 | D:7      | Offered knowledge of Foxfire by Vehumet.
  8991 | D:7      | Reached ** piety under Vehumet
  9017 | D:7      | Reached skill level 8 in Conjurations
  9078 | D:7      | Found a sand-covered staircase.
  9090 | Ossuary  | Entered an ossuary
  9194 | Ossuary  | Offered knowledge of Poisonous Vapours by Vehumet.
  9265 | Ossuary  | Reached skill level 5 in Spellcasting
  9304 | Ossuary  | Reached *** piety under Vehumet
  9697 | D:7      | Offered knowledge of Conjure Flame by Vehumet.
  9975 | D:7      | You fall into a shaft and drop 2 floors!
  9975 | D:9      | Found a shimmering altar of Xom.
 10068 | D:9      | Noticed a two-headed ogre
 10075 | D:9      | Killed a two-headed ogre
 10076 | D:9      | Reached skill level 9 in Conjurations
 10076 | D:9      | Gained mutation: You have a pair of small horns on your
                  | head. [demonic ancestry]
 10076 | D:9      | Reached XP level 10. HP: 77/79 MP: 9/17
 10077 | D:9      | Reached **** piety under Vehumet
 10099 | D:9      | Noticed a boulder beetle
 10124 | D:9      | Found Azxolud's Antique Weapon Boutique.
 10128 | D:9      | Found Cuxkoir's Assorted Antiques.
 10147 | D:9      | Bought a fizzy blue potion for 32 gold pieces
 10147 | D:9      | Bought a scroll labelled LENAWEOHAQ for 36 gold pieces
 10147 | D:9      | Bought 2 pink potions for 64 gold pieces
 10269 | D:8      | Offered knowledge of Olgreb's Toxic Radiance by Vehumet.
 10332 | D:9      | Learned a level 4 spell: Olgreb's Toxic Radiance
 10551 | D:8      | Noticed Pikel
 10631 | D:8      | Identified the +3 chain mail of Jeas {rPois Will+ rCorr
                  | Str-5}
 10631 | D:8      | Noticed a cyclops
 10811 | D:9      | Killed a boulder beetle
 10949 | D:9      | Found Wyish's Weapon Shoppe.
 11057 | D:9      | Found a staircase to the Orcish Mines.
 11057 | D:9      | Found Osasipho's Armour Shoppe.
 11139 | D:9      | Found a snail-covered altar of Cheibriados.
 11399 | D:9      | Found Kuts's Magic Scroll Emporium.
 11498 | D:9      | Bought a scroll of blinking for 97 gold pieces
 11498 | D:9      | Bought a scroll of teleportation for 39 gold pieces
 11498 | D:9      | Bought a scroll of teleportation for 39 gold pieces
 11582 | Orc:1    | Entered Level 1 of the Orcish Mines
 11585 | Orc:1    | Noticed Nergalle
 11657 | D:8      | Reached skill level 5 in Poison Magic
 11730 | D:8      | Killed a cyclops
 11753 | D:8      | Noticed a cyclops
 11832 | D:8      | Killed Pikel
 11882 | D:8      | Killed a cyclops
 11883 | D:8      | Reached skill level 10 in Conjurations
 11883 | D:8      | Reached XP level 11. HP: 66/86 MP: 9/21
 12262 | D:8      | Found Haohicsu's Magic Scroll Emporium.
 12270 | D:8      | Bought a scroll of blinking for 97 gold pieces
 12409 | D:8      | Found an ornate altar of the Wu Jian Council.
 12698 | D:10     | Entered Level 10 of the Dungeon
 12698 | D:10     | Noticed Snorg
 12708 | D:10     | Killed Snorg
 13591 | D:11     | Noticed a red ugly thing
 13711 | D:11     | Found a staircase to the Lair.
 13727 | D:11     | Reached skill level 1 in Shields
 13808 | D:11     | Noticed a boulder beetle
 13822 | D:11     | Killed a boulder beetle
 13863 | D:11     | Noticed a death knight
 13898 | D:11     | Killed a death knight
 13992 | Lair:1   | Entered Level 1 of the Lair of Beasts
 14154 | Lair:1   | Identified the +0 cloak of Toel {Rampage MP+9 Str+6 Dex-2}
 14156 | Lair:1   | Reached ***** piety under Vehumet
 14536 | Lair:1   | Offered knowledge of Freezing Cloud by Vehumet.
 14543 | Lair:1   | Learned a level 5 spell: Freezing Cloud
 14609 | Lair:1   | Reached skill level 1 in Armour
 14925 | Lair:2   | Reached skill level 1 in Air Magic
 14961 | Lair:2   | Noticed Maggie
 14967 | Lair:2   | Killed Maggie
 15496 | Lair:2   | Gained mutation: You have a pair of horns on your head.
                  | [demonic ancestry]
 15496 | Lair:2   | Reached XP level 12. HP: 97/97 MP: 22/22
 15785 | Lair:3   | Noticed an eight-headed hydra
 15789 | Lair:3   | Killed an eight-headed hydra
 16042 | Lair:3   | Reached skill level 5 in Armour
 16042 | Lair:3   | Reached skill level 5 in Air Magic
 16512 | Lair:4   | Reached skill level 1 in Ice Magic
 16533 | Lair:4   | Noticed a four-headed hydra
 16538 | Lair:4   | Killed a four-headed hydra
 16709 | Lair:4   | Noticed a six-headed hydra
 16713 | Lair:4   | Killed a six-headed hydra
 16744 | Lair:4   | Found a hole to the Spider Nest.
 16982 | Lair:4   | Reached skill level 11 in Conjurations
 17131 | Lair:4   | Found a staircase to the Swamp.
 17677 | Lair:5   | Noticed a four-headed hydra
 17680 | Lair:5   | Killed a four-headed hydra
 17703 | Lair:5   | Noticed a four-headed hydra
 17711 | Lair:5   | Killed a four-headed hydra
 17835 | Lair:5   | Gained mutation: You have a pair of large horns on your
                  | head. [demonic ancestry]
 17835 | Lair:5   | Reached XP level 13. HP: 103/103 MP: 23/23
 18106 | Lair:6   | Entered Level 6 of the Lair of Beasts
 18212 | Lair:6   | Offered knowledge of Ozocubu's Refrigeration by Vehumet.
 18387 | Lair:6   | Learned a level 7 spell: Ozocubu's Refrigeration
 18519 | Lair:6   | Reached skill level 5 in Ice Magic
 19114 | Lair:6   | Got the Almanac of Enchantment
 19388 | Lair:6   | Found a runed translucent door.
 19390 | Lair:6   | Found a viscous altar of Jiyva.
 19390 | Lair:6   | Found a staircase to the Slime Pits.
 19441 | Lair:6   | Gained mutation: You are powered by pain. [demonic
                  | ancestry]
 19441 | Lair:6   | Reached XP level 14. HP: 94/109 MP: 26/26
 20493 | D:12     | Found a gate leading to a gauntlet.
 20502 | Gauntlet | Entered a Gauntlet
 20502 | Gauntlet | Found a transporter.
 20505 | Gauntlet | Found a transporter.
 20507 | Gauntlet | Found a transporter.
 20521 | Gauntlet | Found a transporter.
 20523 | Gauntlet | Found a transporter.
 20534 | Gauntlet | Found a transporter.
 20548 | Gauntlet | Found a runed translucent gate.
 20549 | Gauntlet | Found a transporter.
 20549 | Gauntlet | Found a runed translucent gate.
 20550 | Gauntlet | Found a runed translucent gate.
 20561 | Gauntlet | Found a transporter.
 20569 | Gauntlet | Found a runed translucent door.
 20571 | Gauntlet | Found a transporter.
 20573 | Gauntlet | Found a runed translucent door.
 20585 | Gauntlet | Found a transporter.
 20595 | Gauntlet | Found a transporter.
 20597 | Gauntlet | Found a transporter.
 20645 | Gauntlet | Found a transporter.
 20650 | Gauntlet | Paralysed by a floating eye for 3 turns
 20670 | Gauntlet | Identified the ring of the Ancients {rN+ Will+++ rCorr
                  | Str-5 Stlth+}
 20733 | Gauntlet | Identified the ring of the Komtur {rPois rF+ rN+ Will-
                  | Int+4}
 20753 | Gauntlet | Identified the +1 troll leather armour "Docujupo" {Drain
                  | rF+ Regen+ Int+4}
 20859 | D:12     | Reached skill level 10 in Ice Magic
 20886 | D:12     | Found a flagged portal.
 20894 | Bailey   | Entered a bailey
 21076 | Bailey   | Offered knowledge of Iskenderun's Battlesphere by Vehumet.
 21303 | Bailey   | Got the Tome of Quantum Conjuration
 21397 | D:12     | Acquired 458 gold pieces
 22150 | D:13     | Noticed Rupert
 22287 | D:14     | Found a frozen archway.
 22287 | D:14     | Noticed an azure jelly
 22301 | D:14     | Killed an azure jelly
 22305 | D:14     | Identified the +2 long sword of Trial by Ordeal {freeze,
                  | Dex+6}
 22343 | IceCv    | Entered an ice cave
 22471 | IceCv    | Noticed a quicksilver ooze
 22475 | IceCv    | Killed a quicksilver ooze
 22491 | IceCv    | HP: 3/109 [entropy weaver simulacrum[an orange crystal
                  | statue] (38)]
 22728 | IceCv    | Noticed a quicksilver ooze
 22734 | IceCv    | Killed a quicksilver ooze
 23026 | IceCv    | Noticed an azure jelly
 23028 | IceCv    | Noticed an azure jelly
 23028 | IceCv    | Noticed an azure jelly
 24116 | D:13     | Noticed Josephine
 24118 | D:13     | Killed Josephine
 24160 | D:13     | Offered knowledge of Eringya's Noxious Bog by Vehumet.
 24161 | D:13     | Noticed Azrael
 24168 | D:13     | Killed Azrael
 24312 | D:13     | Reached XP level 15. HP: 114/115 MP: 27/27
 24416 | D:13     | Killed Rupert
 25588 | D:13     | Found a gate to the Vaults.
 25656 | D:9      | Bought the +0 pair of gloves "Nuoj" {Rampage Str+4} for 298
                  | gold pieces
 25746 | Orc:1    | Killed Nergalle
 25747 | Orc:1    | Reached skill level 10 in Armour
 25902 | Orc:1    | Noticed Sonja
 25905 | Orc:1    | Killed Sonja
 26165 | Orc:1    | Noticed an orc warlord
 26176 | Orc:1    | Killed an orc warlord
 26474 | Orc:2    | Entered Level 2 of the Orcish Mines
 26609 | Orc:2    | Offered knowledge of Conjure Ball Lightning by Vehumet.
 26673 | Orc:2    | Found a staircase to the Elven Halls.
 27243 | Orc:2    | Found Ezxeroj's Antique Armour Shop.
 27246 | Orc:2    | Found Appymu Fegg's Magic Scroll Shop.
 27247 | Orc:2    | Found Zaoduano's Antique Weapon Shop.
 27248 | Orc:2    | Found Ystrig's General Store.
 27252 | Orc:2    | Bought a scroll of teleportation for 45 gold pieces
 27252 | Orc:2    | Bought a scroll of teleportation for 45 gold pieces
 27254 | Orc:2    | Bought a potion of magic for 112 gold pieces
 27254 | Orc:2    | Bought a potion of brilliance for 56 gold pieces
 27457 | D:8      | Bought a scroll of blinking for 97 gold pieces
 27457 | D:8      | Bought a scroll of teleportation for 39 gold pieces
 27563 | D:9      | Bought a scroll of enchant armour for 97 gold pieces
 27563 | D:9      | Bought a scroll of fog for 26 gold pieces
 27563 | D:9      | Bought a scroll of fog for 26 gold pieces
 27563 | D:9      | Bought a scroll of fog for 26 gold pieces
 27736 | D:15     | Entered Level 15 of the Dungeon
 28480 | D:15     | Found a staircase to the Depths.
 29106 | Spider:1 | Entered Level 1 of the Spider Nest
 29171 | Spider:1 | Reached XP level 16. HP: 100/122 MP: 26/29
 29172 | Spider:1 | Reached ****** piety under Vehumet
 29243 | Spider:1 | Identified Roxanne's Collected Works on Earth
 29243 | Spider:1 | Noticed Roxanne
 29308 | Spider:1 | Reached skill level 10 in Spellcasting
 29308 | Spider:1 | Offered knowledge of Iron Shot by Vehumet.
 29360 | Spider:1 | Reached skill level 1 in Earth Magic
 29394 | Spider:1 | Learned a level 6 spell: Iron Shot
 29404 | Spider:1 | Reached skill level 10 in Fighting
 30631 | Spider:2 | Reached skill level 12 in Conjurations
 31191 | Spider:3 | Reached skill level 5 in Earth Magic
 31234 | Spider:3 | Offered knowledge of Orb of Destruction by Vehumet.
 31769 | Spider:3 | Identified the +7 plate armour of the Four Interlopers
                  | {Harm Dex-5 Slay+2}
 31909 | Spider:4 | Entered Level 4 of the Spider Nest
 31936 | Spider:4 | Gained mutation: You are mostly covered in thin metallic
                  | scales. (AC +3) [demonic ancestry]
 31936 | Spider:4 | Reached XP level 17. HP: 133/133 MP: 24/31
 32028 | Spider:4 | Reached skill level 13 in Conjurations
 32073 | Spider:4 | Identified the +0 pair of boots "Eluaqeb" {Stlth+}
 32875 | Spider:4 | Offered knowledge of Shatter by Vehumet.
 32875 | Spider:4 | Offered knowledge of Chain Lightning by Vehumet.
 32875 | Spider:4 | Offered knowledge of Maxwell's Capacitive Coupling by
                  | Vehumet.
 33360 | Spider:4 | Noticed Arachne
 34106 | Spider:4 | Killed Arachne
 34268 | Spider:4 | Got a gossamer rune of Zot
 34297 | Spider:4 | Reached skill level 14 in Conjurations
 34480 | Swamp:1  | Entered Level 1 of the Swamp
 34487 | Swamp:1  | Noticed Donald
 34490 | Swamp:1  | Killed Donald
 35464 | Swamp:2  | Noticed a tentacled monstrosity
 35468 | Swamp:2  | Killed a tentacled monstrosity
 35764 | Swamp:2  | Got the Tome of Clay
 36688 | Swamp:3  | Gained mutation: Your magical and physical power is
                  | slightly enhanced at high health. [demonic ancestry]
 36688 | Swamp:3  | Reached XP level 18. HP: 120/145 MP: 28/32
 37742 | Swamp:4  | Entered Level 4 of the Swamp
 37789 | Swamp:4  | Reached skill level 15 in Conjurations
 38372 | Swamp:4  | Noticed the 27-headed Lernaean hydra
 38377 | Swamp:4  | Killed the 27-headed Lernaean hydra
 38607 | Swamp:4  | Noticed Mara
 38612 | Swamp:4  | Killed Mara
 38613 | Swamp:4  | Reached skill level 10 in Air Magic
 39015 | Swamp:4  | Got a decaying rune of Zot
 39431 | Vaults:1 | Entered Level 1 of the Vaults
 39841 | Vaults:1 | Reached skill level 15 in Fighting
 40059 | Vaults:1 | Reached skill level 16 in Conjurations
 40698 | Vaults:1 | Gained mutation: Your magical and physical power is
                  | enhanced at high health. [demonic ancestry]
 40698 | Vaults:1 | Reached XP level 19. HP: 72/155 MP: 33/33
 41694 | Vaults:1 | Learned a level 9 spell: Chain Lightning
 41814 | Vaults:2 | You fall into a shaft and drop 2 floors!
 42292 | Vaults:3 | Reached skill level 17 in Conjurations
 43947 | Vaults:2 | Upgraded the game from 0.28-a0-537-g3bccd9ccbf to
                  | 0.28-a0-556-gab23d0e057
 44239 | Vaults:2 | Found Xisics's General Store.
 44241 | Vaults:2 | Found a staircase to the Crypt.
 44247 | Vaults:2 | Bought a scroll of teleportation for 48 gold pieces
 44247 | Vaults:2 | Bought 2 scrolls of summoning for 304 gold pieces
 44247 | Vaults:2 | Bought an amulet of reflection for 480 gold pieces
 44466 | Vaults:2 | Reached skill level 18 in Conjurations
 45144 | Vaults:2 | Noticed Jory
 45154 | Vaults:2 | Killed Jory
 45917 | Vaults:4 | Gained mutation: Your magical and physical power is greatly
                  | enhanced at high health. [demonic ancestry]
 45917 | Vaults:4 | Reached XP level 20. HP: 162/162 MP: 28/34
 48004 | Elf:1    | Entered Level 1 of the Elven Halls
 48680 | Elf:1    | Identified the +11 dagger of Terror {freeze, Dex+2}
 49852 | Elf:2    | Paralysed by an air elemental for 1 turns
 50208 | Elf:2    | Found a runed translucent door.
 50234 | Elf:2    | Found a runed translucent door.
 50271 | Elf:3    | Entered Level 3 of the Elven Halls
 50583 | Elf:3    | Reached skill level 15 in Air Magic
 50739 | Elf:3    | HP: 5/162 [deep elf sorcerer/bolt of acid (19)]
 51268 | Elf:3    | Reached XP level 21. HP: 126/168 MP: 26/37
 51515 | Elf:3    | Identified the +6 morningstar "Arbiter" {vorpal, rC+ Str+3
                  | Dex+9 Stlth+}
 51532 | Elf:3    | Identified the ring of Suicidal Tendencies {rPois rC+
                  | Int+4}
 51594 | Elf:3    | Identified the +0 helmet "Ymiymoh" {Contam rElec Slay+2
                  | Stlth+}
 51870 | Elf:3    | Found a portal to a secret trove of treasure.
 52199 | D:9      | Bought the +7 Spriggan's Knife {stab, EV+4 Stlth+} for 1844
                  | gold pieces
 52199 | D:9      | Found the +7 Spriggan's Knife {stab, EV+4 Stlth+}
 52319 | Elf:3    | You paid a toll of Spriggan's Knife to enter a treasure
                  | trove
 52320 | Trove    | Entered a treasure trove
 52333 | Trove    | Identified the amulet "Laibaehuoc" {Acrobat rElec rPois rF-
                  | Str+2 Dex+3}
 52335 | Trove    | Identified the ring of Refreene {rF+ rC+ Int+4 Slay+2}
 52346 | Trove    | Identified the amulet "Ajerr" {Faith Dex+3}
 52348 | Trove    | Identified the ring of Rimmexza {rF- Will+ rCorr Slay+3}
 52349 | Trove    | Identified the ring "Tiserro" {Ice rCorr Str+4 Int+4}
 52350 | Trove    | Identified the ring "Gocwororu" {rPois Str+2 Int+6 Dex+6}
 52383 | Trove    | Learned a level 8 spell: Maxwell's Capacitive Coupling
 52602 | Depths:1 | Entered Level 1 of the Depths
 52624 | Depths:1 | Noticed Aizul
 52633 | Depths:1 | Killed Aizul
 54004 | Depths:1 | Reached skill level 19 in Conjurations
 54138 | Depths:1 | Identified the ring "Foruytte" {Fire SInv}
 54394 | Depths:1 | Found a one-way gate to the infinite horrors of the Abyss.
 54616 | Depths:1 | Found a gateway to Hell.
 54902 | Depths:2 | Found a runed translucent gate.
 54903 | Depths:2 | Found a runed translucent gate.
 54904 | Depths:2 | Found a runed translucent gate.
 54913 | Depths:2 | Found a one-way gate leading to the halls of Pandemonium.
 55010 | Depths:2 | Found an ancient bone altar of Kikubaaqudgha.
 55112 | Depths:2 | Noticed a golden dragon
 55118 | Depths:2 | Killed a golden dragon
 55513 | Depths:2 | Identified the +1 leather armour of the Arena {Harm rC+
                  | Stlth-}
 56205 | Depths:2 | Noticed a juggernaut
 56214 | Depths:2 | Killed a juggernaut
 56215 | Depths:2 | Reached skill level 20 in Conjurations
 56215 | Depths:2 | Reached XP level 22. HP: 124/175 MP: 31/38
 56821 | Depths:2 | Found a viscous altar of Jiyva.
 56821 | Depths:2 | Noticed Hasuug's ghost (adept HaHu)
 56837 | Depths:2 | Mangled by a titanic slime creature

Illustrated notes

Levels and vault maps discovered:
D:1:      minmay_arrival_diagonal_passages, layout_basic,
          ebering_ecumenical_altar_abandoned
D:2:      layout_loops_corners
D:3:      layout_basic, minmay_parallelograms
D:4:      wander_river, layout_basic, palyth_temple_overflow_mages,
          trog_butcher_becter, nicolae_dithmenos_the_darkroom,
          serial_park_tiny_1, minmay_crossroads, uniq_menkaure
D:5:      layout_gridville
D:6:      layout_loops_corners, minmay_temple_entry_wispy
D:7:      lemuel_slime, layout_gridville, zin_purify, enter_ossuary_1,
          skrybe_limestone_x
D:8:      minmay_curly_fans, layout_rooms, nicolae_wu_jian_immortal_techniques,
          serial_shops, shop, uniq_pikel
D:9:      layout_cave_pools, xom_butterflies, cheibriados_altar_1, orc_david_3,
          serial_shops, nicolae_shop_overgrown_old_shop,
          nicolae_inconvenience_store, nicolae_diamond_shop
D:10:     layout_roguey, roderic_serpentine_path, uniq_snorg
D:11:     layout_basic, david_lair_shrubbed, serial_bayou_pond_e
D:12:     layout_stronghold, gauntlet_entry_generic, enter_bailey_4
D:13:     minmay_dotted_concentric_squares, layout_irregular_city,
          grunt_vaults_entry_tiered, minmay_misc_feat_four_crosses, uniq_rupert,
          uniq_josephine, uniq_azrael
D:14:     layout_roguey, portal_ice_cave_entry_frozen_things,
          minmay_misc_feat_pillars, minmay_misc_feat_five
D:15:     grunt_enter_depths_snipers, layout_loops_cross,
          minmay_stone_trees_medium
Lair:1:   layout_hall_layers, minivault_11, minivault_26
Lair:2:   layout_regular_city, lemuel_fruit_tree, grunt_megastairs_5,
          lemuel_fruit_fields, uniq_maggie
Lair:3:   layout_roguey
Lair:4:   layout_loops_ring, minmay_swamp_entry_eels,
          spider_nest_entry_web_field
Lair:5:   layout_big_grid
Lair:6:   minmay_lair_end_frog_pond, layout_hall_layers, slime_altar_2
Swamp:1:  layout_falls_marsh, evilmike_swamp_ruin_house_5, uniq_donald
Swamp:2:  layout_basic_swamp, evilmike_swamp_ruin_house_2, swamp_pool4,
          nicolae_swamp_drake_lake
Swamp:3:  nicolae_swamp_secret_spriggan_hideout, layout_basic_swamp,
          evilmike_swamp_ruin_house_3
Swamp:4:  swamp_old_school, layout_basic_swamp, swamp_pool1, uniq_mara
Spider:1: nicolae_spider_hilbert_zone_1 [nicolae_spider_hilbert_4_sides_1_open,
          nicolae_spider_hilbert_4_sides_1_open,
          nicolae_spider_hilbert_4_sides_1_open,
          nicolae_spider_hilbert_4_sides_1_open,
          nicolae_spider_hilbert_3_sides_1_open,
          nicolae_spider_hilbert_3_sides_1_open,
          nicolae_spider_hilbert_3_sides_1_open,
          nicolae_spider_hilbert_3_sides_1_open,
          nicolae_spider_hilbert_3_sides_1_open,
          nicolae_spider_hilbert_6_sides_1_open,
          nicolae_spider_hilbert_6_sides_1_open,
          nicolae_spider_hilbert_3_sides_1_open,
          nicolae_spider_hilbert_3_sides_1_open,
          nicolae_spider_hilbert_3_sides_1_open,
          nicolae_spider_hilbert_3_sides_1_open,
          nicolae_spider_hilbert_2_sides_1_open], guppyfry_spider_mini_1,
          uniq_roxanne
Spider:2: layout_spider_delve
Spider:3: layout_spider_delve, drop_trap, lemuel_hornet_nest
Spider:4: johnstein_spider_rune_arachne_lair, nicolae_spider_nooks_and_crannies
Orc:1:    layout_caves, uniq_sonja, uniq_nergalle
Orc:2:    st_orc_pillars, layout_diamond_mine
Elf:1:    minmay_elf_arrival_summoners, layout_onion_city
Elf:2:    elven_hall_of_blades_hangedman_original
          [nicolae_blade_entry_splitting_headache], layout_geoelf_grid
Elf:3:    minmay_elf_hall_not_hex, layout_loops_corners,
          nicolae_trove_entry_crossroad, st_stairs_12
Vaults:1: nicolae_vaults_network_periphery, v_misc_8,
          vaults_room_grunt_arrival_checkpoint, vaults_dpeg_cross,
          vaults_room_large_hall, v_misc_24, v_misc_13,
          hangedman_vaults_restitches, v_misc_16, vaults_room_semicircle,
          vaults_dpeg_encased_lava, vaults_room_fours, vaults_room_door_hall,
          v_pattern_4, nicolae_vaults_diagonal_hallway_8, layout_vaults_ring
Vaults:2: hangedman_vaults_stream, nicolae_vaults_ring_of_whatevers,
          vaults_room_glass_cross, grunt_vaults_focal, layout_vaults_omnigrid,
          serial_shops, shop, uniq_jory
Vaults:3: vaults_room_hangedman_quadrants, ontoclasm_vaults_claustrophobia,
          ontoclasm_vaults_shuriken, nicolae_vaults_border_crossing,
          vaults_room_stairs_pillars, layout_vaults_big_room
Vaults:4: nicolae_vaults_ninety_degrees, nicolae_vaults_twisting_passages,
          v_misc_5, ontoclasm_vaults_spin, v_misc_14, hangedman_vaults_capsules,
          vaults_dpeg_ring, v_misc_4, nicolae_vaults_theta,
          hangedman_vaults_stretched_pinwheel, layout_vaults_omnicross
Depths:1: layout_basic, abyss_entry_glasseish, pf_dread_powers_of_hell,
          minmay_misc_feat_alley, statue_in_the_mist_lemuel,
          chequers_serial_rivers_small_a, elyvilon_altar_1, uniq_aizul
Depths:2: little_maze_vault, layout_cave_pools, kennysheep_cross_bottleneck,
          gammafunk_ghost_ooze, hell_entry, pan_entry,
          nicolae_kikubaaqudgha_miasma_corner, uniq_saint_roka

Skill      XL: |  1  2  3  4  5  6  7  8  9 10 11 12 13 14 15 16 17 18 19 20 21 |
---------------+----------------------------------------------------------------+-----
Spellcasting   | 3 5 6 7 8 9 10 12 | 12.0
Hexes          | 2 3 4 5 6 |  6.4
Conjurations   | 5 7 9 10 11 12 14 16 18 20 | 20.2
Summonings     | 1 2 4 |  4.7
Fighting       | 2 4 7 8 9 11 13 15 | 15.0
Poison Magic   | 5 |  5.0
Dodging        | 2 |  2.7
Shields        | 4 |  4.0
Armour         | 2 6 7 9 11 13 | 13.6
Air Magic      | 2 6 7 8 11 13 15 17 | 17.8
Ice Magic      | 2 9 12 14 | 14.0
Earth Magic    | 6 7 |  7.4
Stealth        | |  1.7

Action                   |  1- 3 |  4- 6 |  7- 9 | 10-12 | 13-15 | 16-18 | 19-21 | 22-24 || total
-------------------------+-------+-------+-------+-------+-------+-------+-------+-------++-------
Melee: Unarmed           |    20 |       |       |       |       |       |       |       ||    20
       Dagger            |    22 |    12 |    29 |       |       |       |       |       ||    63
       Staff             |       |       |     6 |     6 |    14 |    39 |    18 |       ||    83
       Headbutt          |       |       |       |     1 |       |     6 |     5 |       ||    12
 Cast: Magic Dart        |    63 |     8 |    79 |   221 |   767 |   404 |   103 |       ||  1645
       Searing Ray       |    17 |    24 |    52 |    45 |    77 |     1 |       |       ||   216
       Call Canine Famil |       |     3 |    10 |     1 |       |       |       |       ||    14
       Fulminant Prism   |       |       |    10 |    14 |       |       |       |       ||    24
       Olgreb's Toxic Ra |       |       |       |    46 |    62 |    67 |       |       ||   175
       Freezing Cloud    |       |       |       |     7 |    37 |       |       |       ||    44
       Ozocubu's Refrige |       |       |       |       |    34 |   122 |   140 |     8 ||   304
       Iron Shot         |       |       |       |       |       |   180 |   353 |    12 ||   545
Evoke: Condenser vane    |       |       |       |       |     2 |     1 |       |       ||     3
       Wand              |       |       |       |       |     4 |    12 |       |       ||    16
  Use: Scroll            |     2 |     3 |     8 |    10 |    25 |    10 |    10 |       ||    68
       Potion            |       |       |     1 |       |     5 |    10 |     4 |       ||    20
Armor: Robe              |    13 |     7 |    38 |     7 |       |       |       |       ||    65
       Troll leather arm |       |       |       |    29 |       |       |       |       ||    29
       Pearl dragon scal |       |       |       |    18 |   244 |   360 |   126 |     5 ||   753
Dodge: Dodged            |    49 |    19 |    68 |    90 |   227 |   194 |    93 |     9 ||   749
Block: Buckler           |       |       |       |    10 |    81 |    78 |    91 |     6 ||   266
       Reflection        |       |       |       |       |       |       |    11 |       ||    11

Table legend: (Time is in decaauts)
 A = Elapsed time spent in this place.
 B = Non-inter-level travel time spent in this place.
 C = Inter-level travel time spent in this place.
 D = Time resting spent in this place.
 E = Time spent auto-exploring this place.
 F = Levels seen in this place.
 G = Mean time per level.
                   A        B        C        D        E       F      G
               +--------+--------+--------+--------+--------+-----+--------+
         Total |  57263 |  54172 |   3091 |   4788 |  41125 |  45 | 1272.5 |
       Dungeon |  21133 |  19703 |   1430 |   2625 |  14219 |  15 | 1408.9 |
          Lair |   6443 |   5948 |    495 |    555 |   4553 |   6 | 1073.8 |
         Swamp |   4487 |   4376 |    111 |      0 |   3821 |   4 | 1121.8 |
   Spider Nest |   5284 |   5155 |    129 |    536 |   3643 |   4 | 1321.0 |
  Orcish Mines |   1677 |   1565 |    112 |      0 |   1242 |   2 |  838.5 |
   Elven Halls |   4309 |   3966 |    343 |    400 |   3117 |   3 | 1436.3 |
        Vaults |   8457 |   7999 |    458 |    301 |   6748 |   4 | 2114.2 |
        Depths |   3476 |   3467 |      9 |    145 |   2855 |   2 | 1738.0 |
         Trove |     59 |     59 |      0 |      0 |      0 |   1 |   59.0 |
       Ossuary |    460 |    460 |      0 |      0 |    363 |   1 |  460.0 |
        Bailey |    417 |    417 |      0 |      0 |    308 |   1 |  417.0 |
      Ice Cave |    728 |    728 |      0 |    124 |    254 |   1 |  728.0 |
      Gauntlet |    325 |    325 |      0 |    102 |      0 |   1 |  325.0 |
               +--------+--------+--------+--------+--------+-----+--------+

Top non-repeatable levels by time:
Vaults:4: 2427 daAuts
Spider:4: 2403 daAuts
     D:9: 2334 daAuts
Vaults:1: 2313 daAuts
     D:4: 2151 daAuts
Depths:2: 2087 daAuts
Vaults:3: 2004 daAuts
    D:15: 2003 daAuts
   Elf:3: 1900 daAuts
   Elf:1: 1814 daAuts
    D:13: 1726 daAuts
Vaults:2: 1711 daAuts
     D:5: 1624 daAuts
 Swamp:4: 1505 daAuts
  Lair:4: 1479 daAuts
